MLB
SAN DIEGO PADRES @ LOS ANGELES DODGERS
08/03/2047
 
TOP OF THE 1ST
San Diego Padres batting - Pitching for Los Angeles Dodgers : RHP Michael Walsh
Pitching: RHP Michael Walsh
Batting: RHB Dietmar Warmisch 0-0: Ball
1-0: Fly out, F9 (Flyball, 89S, EV 88.1 MPH)
Batting: SHB Phil Zacharia 0-0: Foul Ball, location: 2F
0-1: Ball
1-1: Ball
2-1: Ball
3-1: SINGLE (Flyball, 8LS, EV 93.8 MPH)
Batting: RHB Sébastien Piat 0-0: Ball
1-0: Foul Ball, location: 2F
1-1: Ball
2-1: Ball
3-1: Base on Balls
Phil Zacharia to second
Batting: LHB Aaron LeBlanc 0-0: Called Strike
0-1: SINGLE (Groundball, 13S, EV 65.6 MPH) (infield hit)
Phil Zacharia to third
Sébastien Piat to second
Batting: LHB Ryan Flynn Jr. 0-0: Foul Ball, location: 2F
0-1: Foul Ball, location: 2F
0-2: Strikes out swinging
Batting: RHB Chiel Palstermans 0-0: Ball
1-0: Called Strike
1-1: SINGLE (Groundball, 4M, EV 104.4 MPH) (infield hit)
Phil Zacharia scores
Sébastien Piat to third
Aaron LeBlanc to second
Batting: LHB Sammy Roddenberry 0-0: Called Strike
0-1: Swinging Strike
0-2: Foul Ball, location: 2F
0-2: Foul Ball, location: 2F
0-2: Ball
1-2: Ball
2-2: Foul Ball, location: 2F
2-2: Strikes out swinging
Top of the 1st over - 1 run, 3 hits, 0 errors, 3 left on base; San Diego 1 - Los Angeles 0
BOTTOM OF THE 1ST
Los Angeles Dodgers batting - Pitching for San Diego Padres : LHP Gerardo Amendoeira
Pitching: LHP Gerardo Amendoeira
Batting: RHB Clay Buchanan 0-0: Ball
1-0: SINGLE (Line Drive, 6D, EV 98.8 MPH)
Batting: SHB Shane Marcum 0-0: Swinging Strike
0-1: Ball
1-1: Called Strike
1-2: Ball
2-2: Strikes out swinging
Batting: LHB Lirak Bazhunaishvili 0-0: Ball
Clay Buchanan steals 2nd base
1-0: Foul Ball, location: 2F
1-1: Ball
2-1: Swinging Strike
2-2: Strikes out swinging
Batting: SHB Joel Baker 0-0: SINGLE (Groundball, 4M, EV 105.0 MPH) (infield hit)
Clay Buchanan to third
Batting: RHB Danny Dyer 0-0: Ball
1-0: Foul Ball, location: 2F
1-1: Ball
2-1: Ball
3-1: SINGLE (Groundball, P, EV 88.8 MPH) (infield hit)
Clay Buchanan scores
Joel Baker to second
Batting: LHB R.J. O'Brien 0-0: Called Strike
0-1: Ball
1-1: Ground out 6-3 (Groundball, 6D, EV 98.1 MPH)
Bottom of the 1st over - 1 run, 3 hits, 0 errors, 2 left on base; San Diego 1 - Los Angeles 1
TOP OF THE 2ND
San Diego Padres batting - Pitching for Los Angeles Dodgers : RHP Michael Walsh
Batting: RHB Jose Morrissey 0-0: Called Strike
0-1: DOUBLE (Groundball, 5L, EV 103.1 MPH)
Batting: RHB Rodolfo Rivera 0-0: Ball
1-0: SINGLE (Line Drive, 89M, EV 91.2 MPH)
Jose Morrissey to third
Batting: RHB Dietmar Warmisch 0-0: Ball
1-0: Grounds into double play, 6-4-3 (Groundball, 6, EV 78.1 MPH)
Jose Morrissey scores
Batting: SHB Phil Zacharia 0-0: Ball
1-0: Ball
2-0: Ball
3-0: Called Strike
3-1: Called Strike
3-2: Base on Balls
Batting: RHB Sébastien Piat 0-0: Ball
1-0: Foul Ball, location: 2F
1-1: Ball
2-1: 2-RUN HOME RUN (Flyball, 9LD, EV 95.6 MPH), Distance : 333 ft
Batting: LHB Aaron LeBlanc 0-0: Called Strike
0-1: Fly out, F7 (Flyball, 78S, EV 90.0 MPH)
Top of the 2nd over - 3 runs, 3 hits, 0 errors, 0 left on base; San Diego 4 - Los Angeles 1
BOTTOM OF THE 2ND
Los Angeles Dodgers batting - Pitching for San Diego Padres : LHP Gerardo Amendoeira
Batting: RHB Wing-kit Bu 0-0: Called Strike
0-1: Foul Ball, location: 2F
0-2: Ball
1-2: Ball
2-2: Ball
3-2: Ground out U3 (Groundball, 3, EV 109.4 MPH)
Batting: LHB Juan Concepcion 0-0: Ball
1-0: Ball
2-0: Called Strike
2-1: Foul Ball, location: 2F
2-2: Foul Ball, location: 2F
2-2: Fly out, F9 (Flyball, 9, EV 85.6 MPH)
Batting: LHB Frank Mullen 0-0: Ground out 3-1 (Groundball, 34, EV 101.9 MPH)
Bottom of the 2nd over - 0 runs, 0 hits, 0 errors, 0 left on base; San Diego 4 - Los Angeles 1
TOP OF THE 3RD
San Diego Padres batting - Pitching for Los Angeles Dodgers : RHP Michael Walsh
Batting: LHB Ryan Flynn Jr. 0-0: Foul Ball, location: 2F
0-1: Called Strike
0-2: Ball
1-2: Strikes out looking
Batting: RHB Chiel Palstermans 0-0: Called Strike
0-1: Ball
1-1: Foul Ball, location: 2F
1-2: Foul Ball, location: 2F
1-2: Fly out, F4 (Flyball, 4D, EV 91.2 MPH)
Batting: LHB Sammy Roddenberry 0-0: Fly out, F9 (Flyball, 9, EV 94.4 MPH)
Top of the 3rd over - 0 runs, 0 hits, 0 errors, 0 left on base; San Diego 4 - Los Angeles 1
BOTTOM OF THE 3RD
Los Angeles Dodgers batting - Pitching for San Diego Padres : LHP Gerardo Amendoeira
Batting: RHB Clay Buchanan 0-0: Ball
1-0: Ball
2-0: Called Strike
2-1: SINGLE (Flyball, 78S, EV 97.5 MPH)
Batting: SHB Shane Marcum 0-0: Called Strike
0-1: Swinging Strike
0-2: Ball
1-2: SINGLE (Groundball, 4MD, EV 100.6 MPH)
Clay Buchanan to second
Batting: LHB Lirak Bazhunaishvili 0-0: Swinging Strike
0-1: Foul Ball, location: 2F
0-2: Ball
1-2: Strikes out looking
Batting: SHB Joel Baker 0-0: Ball
1-0: Ball
2-0: Swinging Strike
2-1: Ball
3-1: Base on Balls
Clay Buchanan to third
Shane Marcum to second
Batting: RHB Danny Dyer 0-0: Ball
1-0: Called Strike
1-1: Fly out, F8 (Flyball, 89D, EV 105.6 MPH)
Runner from 3rd tags up, SCORES, no throw by CF
Batting: LHB R.J. O'Brien 0-0: Ball
1-0: Ball
2-0: Called Strike
2-1: Called Strike
2-2: Foul Ball, location: 2F
2-2: Strikes out looking
Bottom of the 3rd over - 1 run, 2 hits, 0 errors, 2 left on base; San Diego 4 - Los Angeles 2
TOP OF THE 4TH
San Diego Padres batting - Pitching for Los Angeles Dodgers : RHP Michael Walsh
Batting: RHB Jose Morrissey 0-0: Called Strike
0-1: SINGLE (Line Drive, 4MD, EV 95.0 MPH)
Batting: RHB Rodolfo Rivera 0-0: Ground out 5-3 (Groundball, 5S, EV 71.2 MPH)
Jose Morrissey to second
Batting: RHB Dietmar Warmisch 0-0: Foul Ball, location: 2F
0-1: Ball
1-1: Ground out 6-3 (Groundball, 6MS, EV 85.0 MPH)
Jose Morrissey to third
Batting: SHB Phil Zacharia 0-0: Ball
1-0: Foul Ball, location: 2F
1-1: Called Strike
1-2: Fly out, F8 (Line Drive, 8RD, EV 91.9 MPH)
Top of the 4th over - 0 runs, 1 hit, 0 errors, 1 left on base; San Diego 4 - Los Angeles 2
BOTTOM OF THE 4TH
Los Angeles Dodgers batting - Pitching for San Diego Padres : LHP Gerardo Amendoeira
Batting: RHB Wing-kit Bu 0-0: Foul Ball, location: 2F
0-1: Swinging Strike
0-2: Ball
1-2: Strikes out swinging
Batting: LHB Juan Concepcion 0-0: Called Strike
0-1: Ball
1-1: Ball
2-1: DOUBLE (Line Drive, 9LS, EV 114.4 MPH)
Batting: LHB Frank Mullen 0-0: Called Strike
0-1: Ball
1-1: Foul Ball, location: 2F
1-2: Strikes out looking
Batting: RHB Clay Buchanan 0-0: Ball
1-0: DOUBLE (Line Drive, 8RXD, EV 107.5 MPH)
Juan Concepcion scores
Batting: SHB Shane Marcum 0-0: Called Strike
0-1: Called Strike
0-2: Strikes out looking
Bottom of the 4th over - 1 run, 2 hits, 0 errors, 1 left on base; San Diego 4 - Los Angeles 3
TOP OF THE 5TH
San Diego Padres batting - Pitching for Los Angeles Dodgers : RHP Michael Walsh
Batting: RHB Sébastien Piat 0-0: Called Strike
0-1: Ball
1-1: Fly out, F8 (Flyball, 8LM, EV 96.9 MPH)
Batting: LHB Aaron LeBlanc 0-0: Ball
1-0: Ball
2-0: Fly out, F8 (Flyball, 8LM, EV 81.2 MPH)
Batting: LHB Ryan Flynn Jr. 0-0: Ball
1-0: Called Strike
1-1: Called Strike
1-2: Ball
2-2: Fly out, F8 (Flyball, 8RD, EV 91.9 MPH)
Top of the 5th over - 0 runs, 0 hits, 0 errors, 0 left on base; San Diego 4 - Los Angeles 3
BOTTOM OF THE 5TH
Los Angeles Dodgers batting - Pitching for San Diego Padres : LHP Gerardo Amendoeira
Batting: LHB Lirak Bazhunaishvili 0-0: Ball
1-0: Foul Ball, location: 2F
1-1: Ball
2-1: Ball
3-1: Base on Balls
Batting: SHB Joel Baker 0-0: Ball
1-0: Called Strike
1-1: Fly out, F7 (Flyball, 78M, EV 81.2 MPH)
Batting: RHB Danny Dyer 0-0: Ball
1-0: Foul Ball, location: 2F
1-1: Ball
2-1: Ball
3-1: Foul Ball, location: 2F
3-2: Fly out, F4 (Popup, 4, EV 79.4 MPH)
Batting: LHB R.J. O'Brien 0-0: Foul Ball, location: 2F
0-1: Called Strike
Lirak Bazhunaishvili is caught stealing 2nd base 2-6
Bottom of the 5th over - 0 runs, 0 hits, 0 errors, 0 left on base; San Diego 4 - Los Angeles 3
TOP OF THE 6TH
San Diego Padres batting - Pitching for Los Angeles Dodgers : RHP Michael Walsh
Batting: RHB Chiel Palstermans 0-0: Foul Ball, location: 2F
0-1: Called Strike
0-2: Ball
1-2: Foul Ball, location: 2F
1-2: Ball
2-2: Ball
3-2: Base on Balls
Batting: LHB Sammy Roddenberry 0-0: Grounds into double play, 4-6-3 (Groundball, 4, EV 89.4 MPH)
Batting: RHB Jose Morrissey 0-0: Called Strike
0-1: Ball
1-1: Ball
2-1: Ground out 3-1 (Groundball, 34, EV 103.8 MPH)
Top of the 6th over - 0 runs, 0 hits, 0 errors, 0 left on base; San Diego 4 - Los Angeles 3
BOTTOM OF THE 6TH
Los Angeles Dodgers batting - Pitching for San Diego Padres : LHP Gerardo Amendoeira
Batting: LHB R.J. O'Brien 0-0: Reached on error, E3 (Groundball, 3, EV 90.6 MPH)
Batting: RHB Wing-kit Bu 0-0: Called Strike
0-1: Grounds into double play, 4-6-3 (Groundball, 4, EV 85.6 MPH)
Batting: LHB Juan Concepcion 0-0: Called Strike
0-1: Ground out 6-3 (Groundball, 4, EV 102.5 MPH)
Bottom of the 6th over - 0 runs, 0 hits, 1 error, 0 left on base; San Diego 4 - Los Angeles 3
TOP OF THE 7TH
San Diego Padres batting - Pitching for Los Angeles Dodgers : RHP Michael Walsh
Batting: RHB Rodolfo Rivera 0-0: Ball
1-0: Ground out 4-3 (Groundball, 34D, EV 92.5 MPH)
Batting: RHB Dietmar Warmisch 0-0: SINGLE (Line Drive, 8LS, EV 103.8 MPH)
Batting: SHB Phil Zacharia 0-0: Ball
1-0: Ball
2-0: Foul Ball, location: 2F
2-1: Ball
3-1: Swinging Strike
3-2: Foul Ball, location: 2F
3-2: Ground out 4-3 (Groundball, 4S, EV 71.9 MPH)
Dietmar Warmisch to second
Batting: RHB Sébastien Piat 0-0: Fly out, F9 (Flyball, 9D, EV 100.6 MPH)
Top of the 7th over - 0 runs, 1 hit, 0 errors, 1 left on base; San Diego 4 - Los Angeles 3
BOTTOM OF THE 7TH
Los Angeles Dodgers batting - Pitching for San Diego Padres : LHP Gerardo Amendoeira
Batting: LHB Frank Mullen 0-0: Foul Ball, location: 2F
0-1: Ball
1-1: Ball
2-1: Swinging Strike
2-2: Foul Ball, location: 2F
2-2: Ball
3-2: Foul Ball, location: 2F
3-2: Foul Ball, location: 2F
3-2: Foul Ball, location: 2F
3-2: Base on Balls
Pitching: LHP Nick Martin
Batting: RHB Clay Buchanan 0-0: SINGLE (Groundball, 4MD, EV 103.1 MPH)
Frank Mullen to second
Runner from 2nd tries for 3rd, SAFE, throw by CF made at trailing runner, OUT! 8-6
Batting: SHB Shane Marcum 0-0: Ball
1-0: Ball
2-0: Foul Ball, location: 2F
2-1: Swinging Strike
2-2: Ball
3-2: Foul Ball, location: 2F
3-2: Base on Balls
Batting: LHB Lirak Bazhunaishvili 0-0: Ball
1-0: Called Strike
1-1: Called Strike
Shane Marcum steals 2nd, throwing error, E2
Frank Mullen scores
Shane Marcum to third
1-2: Foul Ball, location: 2F
1-2: Strikes out swinging
Batting: SHB Joel Baker 0-0: Ball
1-0: 2-RUN HOME RUN (Flyball, 78XD, EV 103.1 MPH), Distance : 408 ft
Batting: RHB Danny Dyer 0-0: Ball
1-0: Foul Ball, location: 2F
1-1: Ball
2-1: Ball
3-1: Foul Ball, location: 2F
3-2: Strikes out swinging
Bottom of the 7th over - 3 runs, 2 hits, 1 error, 0 left on base; San Diego 4 - Los Angeles 6
TOP OF THE 8TH
San Diego Padres batting - Pitching for Los Angeles Dodgers : RHP Michael Walsh
Now at 1B: Edwin Soto
Batting: LHB Aaron LeBlanc 0-0: SOLO HOME RUN (Flyball, 7D, EV 96.2 MPH), Distance : 366 ft
Pitching: RHP Bo Chia
Batting: LHB Ryan Flynn Jr. 0-0: Called Strike
0-1: Foul Ball, location: 2F
0-2: Ball
1-2: Fly out, F8 (Flyball, 8RM, EV 94.4 MPH)
Batting: RHB Chiel Palstermans 0-0: Foul Ball, location: 2F
0-1: Swinging Strike
0-2: Strikes out looking
Batting: LHB Sammy Roddenberry 0-0: Called Strike
0-1: Ball
1-1: Swinging Strike
1-2: Strikes out swinging
Top of the 8th over - 1 run, 1 hit, 0 errors, 0 left on base; San Diego 5 - Los Angeles 6
BOTTOM OF THE 8TH
Los Angeles Dodgers batting - Pitching for San Diego Padres : LHP Nick Martin
Pitching: RHP Raul Almonte
Batting: LHB R.J. O'Brien 0-0: Ground out 4-3 (Groundball, 4, EV 80.0 MPH)
Batting: RHB Wing-kit Bu 0-0: Ball
1-0: Called Strike
1-1: Swinging Strike
1-2: Strikes out swinging
Batting: LHB Juan Concepcion 0-0: Called Strike
0-1: Ball
1-1: Called Strike
1-2: Ball
2-2: Foul Ball, location: 2F
2-2: Fly out, F8 (Flyball, 8LXD, EV 109.4 MPH)
Bottom of the 8th over - 0 runs, 0 hits, 0 errors, 0 left on base; San Diego 5 - Los Angeles 6
TOP OF THE 9TH
San Diego Padres batting - Pitching for Los Angeles Dodgers : RHP Bo Chia
Batting: RHB Jose Morrissey 0-0: Called Strike
0-1: Called Strike
0-2: Ball
1-2: Ball
2-2: Strikes out swinging
Batting: RHB Rodolfo Rivera 0-0: Called Strike
0-1: SINGLE (Flyball, 7LS, EV 91.2 MPH)
Batting: RHB Dietmar Warmisch 0-0: Foul Ball, location: 2F
0-1: Bunted foul
0-2: Ball
1-2: Strikes out swinging
Batting: SHB Phil Zacharia 0-0: Ball
1-0: Foul Ball, location: 2F
Pickoff Throw to First - Out! 1-3
Top of the 9th over - 0 runs, 1 hit, 0 errors, 0 left on base; San Diego 5 - Los Angeles 6
Thursday, December 15th , 2022 - OOTP Baseball 23.9 Build 102